 Dungeon Crawl Stone Soup version 0.30-a0-145-g03d90e2e6d (webtiles) character file.

Game seed: 9121752830868040993

90 qw the Chopper (level 4, -5/28 HPs)
             Began as a Gargoyle Fighter on Sept 26, 2022.
             Slain by an ogre
             ... wielding a +0 giant club
              (13 damage)
             ... on level 4 of the Dungeon.
             The game lasted 00:00:51 (3114 turns).

qw the Chopper (Gargoyle Fighter)                   Turns: 3114, Time: 00:00:52

Health: -5/28      AC: 13    Str: 20 (21) XL:     4   Next: 56%
Magic:  4/4        EV:  7    Int:  8 (9)  God:
Gold:   210        SH:  4    Dex:  9      Spells: 3/3 levels left

rFire   . . .      SeeInvis .    Y - +0 war axe
rCold   . . .      Faith    .    c - +0 buckler
rNeg    + . .      Spirit   .    g - +0 chain mail
rPois   inf        Reflect  .    h - +0 helmet
rElec   +          Harm     .    (no cloak)
rCorr   .          Rampage  .    (no gloves)
Will    .....                    (no boots)
Stlth   ..........               n - amulet of the acrobat
HPRegen 0.09/turn                (no ring)
MPRegen 0.09/turn                (no ring)

@: no status effects
A: sickness immunity, AC +3, negative energy resistance 1, electricity
resistance, torment resistance 1, petrification resistance
a: no special abilities


You were on level 4 of the Dungeon.
You visited 1 branch of the dungeon, and saw 4 of its levels.

You collected 210 gold pieces.


Innate Abilities, Weirdness & Mutations

You are immune to sickness and miasma.
Your stone body is resilient. (AC +3)
You are immune to poison.
You resist negative energy. (rN+)
You are resistant to electric shocks. (rElec)
You are resistant to unholy torment.
You are immune to petrification.


   Skills:
 - Level 3.2 Fighting
 + Level 4.2 Axes
 - Level 3.2 Armour
 - Level 3.2 Shields


You had 3 spell levels left.
You didn't know any spells.
Your spell library was empty.

Inventory:

Hand Weapons
 j - a +0 hand axe of flaming
 Y - a +0 war axe (weapon)
Armour
 c - a +0 buckler (worn)
 g - a +0 chain mail (worn)
 h - a +0 helmet (worn)
Jewellery
 n - an amulet of the acrobat (around neck)
Scrolls
 a - 3 scrolls of identify
 k - a scroll of vulnerability {unknown}
 l - a scroll of teleportation
Potions
 b - a potion of attraction
 d - a potion of might
 f - 2 potions of curing
 i - 2 potions of berserk rage {unknown}
 m - a potion of resistance {unknown}

Dungeon Overview and Level Annotations

Branches:
Dungeon (4/15)
 Temple: D:4-7

Altars:
Dithmenos
Hepliaklqana


Message History

You slash the scorpion!
The scorpion is heavily wounded.
You slash the goblin!
You kill the goblin!
The scorpion stings you. x2
You slash the scorpion!
The scorpion is almost dead.
The scorpion stings you.
You barely miss the scorpion.
The scorpion is almost dead.
The scorpion stings you.
The scorpion stings you but does no damage.
3053 ||| READING 2 scrolls of teleportation.
As you read the scroll of teleportation, it crumbles to dust.
You feel strangely unstable. You block the scorpion's attack.
3054 ||| DRINKING potion of heal wounds.
You feel much better.
The scorpion stings you but does no damage.
You hit the scorpion.
The scorpion is almost dead.
The scorpion stings you but does no damage. x2
You barely miss the scorpion.
The scorpion is almost dead.
Your surroundings suddenly seem different.
You start resting.
HP restored.
An ogre comes into view. It is wielding a +0 giant club.
The ogre shouts!
You slash the ogre!
The ogre is moderately wounded.
The ogre barely misses you.
You hit the ogre.
The ogre is moderately wounded.
The ogre hits you with a +0 giant club!!
Ouch! That really hurt!
You slash the ogre!
The ogre is severely wounded.
The ogre hits you with a +0 giant club!
You die...

#.............#
#.###.........# #.#
#.#.......# ## #.#
#.##..#.#%# #. #.#
#.##....#.###. #.#
#.###.#....... #.# #.#
#.......#. #.#
#.......###.#. #@#
#######.###..(
........O...............
.##.#############.###...
#.## #.## #... #... #..#
.....


You could see an ogre.

Vanquished Creatures
  Terence (D:3)
  An adder (D:4)
  A worm (D:2)
  An orc (D:2)
  2 ball pythons
  4 bats
  5 endoplasms
  3 giant cockroaches (D:3)
  3 goblins
  7 hobgoblins
  3 jackals
  3 quokkas
  2 frilled lizards (D:1)
  5 kobolds
  6 rats
47 creatures vanquished.

Vanquished Creatures (others)
  A plant (D:2)
1 creature vanquished.

Grand Total: 48 creatures vanquished

Notes
Turn   | Place    | Note
-------+----------+-------------------------------------------
     0 | D:1      | qw the Gargoyle Fighter began the quest for the Orb.
     0 | D:1      | Reached XP level 1. HP: 14/14 MP: 1/1
     0 | D:1      | 0 ||| qw: Version: 0.2-a-10-g399e6c4
     0 | D:1      | 0 ||| qw: Game counter: 517
     0 | D:1      | 0 ||| qw: Always use a shield: true
     0 | D:1      | 0 ||| qw: God list: Okawaru
     0 | D:1      | 0 ||| qw: Allow faded altars: false
     0 | D:1      | 0 ||| qw: Do Orc after D:15 true
     0 | D:1      | 0 ||| qw: Do second Lair branch before Depths: true
     0 | D:1      | 0 ||| qw: Lair rune preference: random
     0 | D:1      | 0 ||| qw: Plans: Normal, Zot:1-4, God:TSO, Crypt, Tomb,
                  | Pan, Slime:5, Hells, Abyss, Orb
     0 | D:1      | 0 ||| PLANNING D:1-11
   106 | D:1      | Reached skill level 2 in Axes
   374 | D:1      | 374 ||| READING scroll labelled HAUPSU RAASUL.
   376 | D:1      | 376 ||| Stepping ~*~*~tactically~*~*~ (stealth).
   378 | D:1      | Reached XP level 2. HP: 19/19 MP: 2/2
   381 | D:1      | 381 ||| READING scroll labelled GOIHAO JOTURPH.
   512 | D:1      | 512 ||| Stepping ~*~*~tactically~*~*~ (stealth).
   519 | D:1      | 519 ||| Stepping ~*~*~tactically~*~*~ (stealth).
   595 | D:1      | 595 ||| DROPPING +0 club.
   966 | D:1      | 966 ||| UPGRADING to +0 chain mail.
   976 | D:1      | 976 ||| DROPPING +0 scale mail.
   977 | D:1      | 977 ||| DROPPING ring of wizardry.
   978 | D:1      | 978 ||| READING scroll labelled TUTWUEWNEB.
   996 | D:2      | 996 ||| STAIRDANCE
   999 | D:1      | Reached skill level 3 in Axes
  1001 | D:2      | 1001 ||| STAIRDANCE
  1006 | D:1      | Reached XP level 3. HP: 20/23 MP: 3/3
  1047 | D:2      | 1047 ||| STAIRDANCE
  1136 | D:2      | 1136 ||| Stepping ~*~*~tactically~*~*~ (stealth).
  1754 | D:2      | 1754 ||| UPGRADING to +0 helmet.
  1759 | D:2      | 1759 ||| DRINKING 3 pink potions.
  1760 | D:2      | 1760 ||| DRINKING 2 bubbling black potions.
  1761 | D:2      | 1761 ||| READING 2 scrolls of identify.
  1761 | D:2      | 1761 ||| IDENTIFYING sedimented black potion
  1762 | D:2      | 1762 ||| DROPPING potion of degeneration.
  1894 | D:3      | 1894 ||| Stepping ~*~*~tactically~*~*~ (stealth).
  1895 | D:3      | 1895 ||| Stepping ~*~*~tactically~*~*~ (stealth).
  2031 | D:3      | Found a shadowy altar of Dithmenos.
  2031 | D:3      | Noticed a shadow
  2032 | D:3      | Found a hazy altar of Hepliaklqana.
  2088 | D:3      | Noticed Terence
  2096 | D:3      | Killed Terence
  2097 | D:3      | Reached skill level 4 in Axes
  2097 | D:3      | Reached XP level 4. HP: 17/28 MP: 4/4
  2408 | D:3      | Found a faded altar of an unknown god.
  2634 | D:3      | 2634 ||| UPGRADING to amulet of the acrobat.
  2639 | D:3      | 2639 ||| READING scroll labelled WUIKOTUACS.
  2640 | D:3      | 2640 ||| READING scroll labelled SAANUAF VUULU.
  2741 | D:3      | 2741 ||| READING 4 scrolls of identify.
  2741 | D:3      | 2741 ||| IDENTIFYING viscous brown potion
  2742 | D:3      | 2742 ||| READING 3 scrolls of identify.
  2742 | D:3      | 2742 ||| IDENTIFYING emerald potion
  2743 | D:3      | 2743 ||| DROPPING potion of flight.
  2840 | D:4      | 2840 ||| DROPPING +0 whip.
  3042 | D:4      | Noticed a scorpion
  3052 | D:4      | HP: 6/28 [scorpion (6)]
  3053 | D:4      | 3053 ||| READING 2 scrolls of teleportation.
  3054 | D:4      | 3054 ||| DRINKING potion of heal wounds.
  3109 | D:4      | Noticed an ogre
  3114 | D:4      | Slain by an ogre

Levels and vault maps discovered:
D:1:      minmay_arrival_up_and_down, layout_basic, serial_glass,
          glass_columns_a, glass_columns_a, glass_columns_b, glass_columns_b,
          glass_columns_b, glass_columns_a, glass_columns_a, glass_columns_a,
          glass_columns_b, glass_columns_b, glass_columns_b, glass_columns_a,
          glass_columns_a, glass_columns_b, minmay_pentomino_t4
D:2:      layout_rooms, serial_bayou_ford_a
D:3:      layout_loops_ring, riverfiend_overflow_shadow_ancestor,
          shapermc_ecumenical_altar_totnotflames, uniq_terence
D:4:      layout_loops_ring, lemuel_temple_firewalk_b, serial_park_tiny_pond,
          corexii_item_surrounded_by_moat, uniq_crazy_yiuf_cottage

Skill      XL: |  1  2  3 |
---------------+----------+-----
Axes           | 2 3 4 |  4.2
Fighting       | |  3.2
Armour         | |  3.2
Shields        | |  3.2

Action                   |  1- 3 |  4- 6 || total
-------------------------+-------+-------++-------
Melee: War axe           |    92 |    25 ||   117
  Use: Scroll            |     4 |     5 ||     9
       Potion            |     2 |     1 ||     3
Armor: Scale mail        |    30 |       ||    30
       Chain mail        |    24 |    18 ||    42
Dodge: Dodged            |    33 |     9 ||    42
Block: Buckler           |    12 |     4 ||    16

Table legend:
 A = Non-vault XP
 B = Vault XP
 C = Vault XP percentage of total XP
 D = Non-vault monster count
 E = Vault monster count
 F = Vault count percentage of total count
                 A         B        C        D         E       F
            +---------+---------+-------+---------+---------+-------
      Total |      87 |      42 |  32.6 |      43 |       4 |   8.5
            +---------+---------+-------+---------+---------+-------
        D:1 |      28 |       6 |  17.6 |      17 |       3 |  15.0
        D:2 |      26 |       0 |   0.0 |      13 |       0 |   0.0
        D:3 |      15 |      36 |  70.6 |       9 |       1 |  10.0
        D:4 |      18 |       0 |   0.0 |       4 |       0 |   0.0
            +---------+---------+-------+---------+---------+-------
